 Dungeon Crawl Stone Soup version 0.27-a0-1200-g94dc6ad4cf (console) character file.

Game seed: 6597727641184723

236 Hector the Magician (level 6, -7/45 HPs)
             Began as a Djinni Air Elementalist on May 31, 2021.
             Was an Initiate of Ashenzari.
             Shot with an arrow by a centaur (14 damage)
             ... on level 4 of the Dungeon.
             The game lasted 00:08:10 (4062 turns).

Hector the Magician (Djinni Air Elementalist)       Turns: 4062, Time: 00:08:18

Health: -7/45      AC:  3    Str:  7    XL:     6   Next: 27%
Gold:   125        EV: 12    Int: 19    God:    Ashenzari [......] SH:  0 Dex: 13

rFire    + + .     SeeInvis .   a - +2 dagger (drain)
rCold    x . .     Faith    .   (no shield)
rNeg     . . .     Spirit   .   n - +0 robe
rPois    ∞         Reflect  .   (no helmet)
rElec    .         Harm     .   (no cloak)
rCorr    .         Rampage  .   g - +0 pair of gloves
Will     .....                  (boots unavailable)
Stlth    ++........             (no amulet)
HPRegen  0.15/turn              (no ring)
MPRegen  0.00/turn              (no ring)

@: flying
A: sickness immunity, fire resistance 2, cold vulnerability 1, float, innate
caster, hp casting, extra vitality 1
a: Renounce Religion


You were on level 4 of the Dungeon.
You worshipped Ashenzari.
Ashenzari was noncommittal.
You visited 2 branches of the dungeon, and saw 5 of its levels.

You collected 125 gold pieces.

Inventory:

Hand Weapons
 a - a +2 dagger of draining (weapon)
 c - a +0 trident
Missiles
 d - 126 stones
 i - 5 javelins
 o - 9 poisoned darts
Armour
 g - a +0 pair of gloves (worn)
 n - a +0 robe (worn)
Scrolls
 e - a scroll of teleportation
 f - a scroll of fear
 m - a scroll of enchant weapon
 p - a scroll of magic mapping
Potions
 b - 3 potions of brilliance
 j - a potion of mutation
 k - 2 potions of haste


   Skills:
 * Level 2.4 Fighting
 - Level 2.1 Dodging
 - Level 1.5 Stealth
 + Level 4.6 Spellcasting


You couldn't memorise any spells.
You knew the following spells:

 Your Spells              Type           Power      Damage    Failure   Level
a - Shock                 Conj/Air       84%        1d8       1%          1
b - Static Discharge      Conj/Air       21%        N/A       3%          2
c - Swiftness             Air            21%        N/A       6%          3
d - Airstrike             Air            10%        N/A       19%         4
e - Lightning Bolt        Conj/Air       10%        1d23      47%         5
f - Sandblast             Erth           42%        2d11      1%          1
g - Wereblood             Tmut           21%        N/A       3%          2
Your spell library was empty.

Dungeon Overview and Level Annotations

Branches:
Dungeon (4/15)             Temple (1/1) D:4

Altars:
Ashenzari
Cheibriados
Dithmenos
Fedhas
Gozag
Kikubaaqudgha
Makhleb
Qazlal
Ru
Trog
Vehumet
Xom
Zin

Shops:
D:3 ?

Annotations:
D:4 Grinder


Innate Abilities, Weirdness & Mutations

You are immune to sickness and miasma.
You are immune to poison.
Your flesh is very heat resistant. (rF++)
You are vulnerable to cold. (rC-)
You float through the air rather than walking.
You learn spells naturally, not from books.
Your magical power is your life essence.
You have superior vitality. (+4 HP)


Message History

The centaur is moderately wounded.
The centaur shouts!
The centaur wields a +0 shortbow.
The centaur shoots an arrow.
The arrow completely misses you.
The centaur shoots an arrow.
The arrow hits you!
Casting: Shock (safe; 1% risk of failure)
Confirm with . or Enter, or press ? or * to list all spells.
Aiming: Shock (safe; 1% risk of failure)
Press: ? - help, Shift-Dir - straight line, f/p - centaur
Aim: a centaur, wielding a +0 shortbow and quivering arrows (moderately wounded, 84% to hit)
The zap hits the centaur.
The centaur is moderately wounded.
Casting: Shock (safe; 1% risk of failure)
Confirm with . or Enter, or press ? or * to list all spells.
Aiming: Shock (safe; 1% risk of failure)
Press: ? - help, Shift-Dir - straight line, f/p - centaur
Aim: a centaur, wielding a +0 shortbow and quivering arrows (moderately wounded, 84% to hit)
The zap hits the centaur but does no damage.
The centaur is moderately wounded.
The centaur shoots an arrow.
The arrow hits you.
The centaur shoots an arrow.
The arrow hits you!
Casting: Shock (safe; 1% risk of failure)
Confirm with . or Enter, or press ? or * to list all spells.
Aiming: Shock (safe; 1% risk of failure)
Press: ? - help, Shift-Dir - straight line, f/p - centaur
Aim: a centaur, wielding a +0 shortbow and quivering arrows (moderately wounded, 84% to hit)
The zap hits the centaur!
The centaur is severely wounded.
The centaur shoots an arrow.
The arrow hits you!
* * * LOW HITPOINT WARNING * * *
Casting: Shock (safe; 1% risk of failure)
Confirm with . or Enter, or press ? or * to list all spells.
Aiming: Shock (safe; 1% risk of failure)
Press: ? - help, Shift-Dir - straight line, f/p - centaur
Aim: a centaur, wielding a +0 shortbow and quivering arrows (severely wounded, 84% to hit)
The zap hits the centaur.
The centaur is severely wounded.
* * * LOW HITPOINT WARNING * * *
The centaur shoots an arrow.
The arrow hits you!
You die...

# #........ #( #........
####.####........
..##............. #.#
##.......[... #.#
#...........
########.####..........[
#...........#).........#
#......@.....).........#
#...(.......####.......#
..$.........# #.......#
............# #########
...)........#
....######### ..c. ...


You could see a centaur.

Vanquished Creatures
  A jelly (D:4)
  An orc priest (D:3)
  7 gnolls (D:4)
  3 adders (D:2)
  3 dart slugs (D:1)
  7 orcs
  5 ball pythons
  4 bats
  8 endoplasms
  2 giant cockroaches
  3 goblins
  7 hobgoblins
  8 jackals
  4 frilled lizards
  A kobold (D:2)
  5 rats
69 creatures vanquished.

Notes
Turn   | Place    | Note
-------+----------+-------------------------------------------
     0 | D:1      | Hector the Djinni Air Elementalist began the quest for the
                  | Orb.
     0 | D:1      | Reached XP level 1. HP: 15/15 MP: 0/0
    50 | D:1      | Reached XP level 2. HP: 9/22 MP: 0/0
   361 | D:1      | Found a faded altar of an unknown god.
   673 | D:1      | Reached skill level 3 in Spellcasting
   673 | D:1      | Reached XP level 3. HP: 22/26 MP: 0/0
   673 | D:1      | Learned a level 1 spell: Sandblast
   728 | D:1      | Reached skill level 1 in Fighting
  1401 | D:2      | Reached XP level 4. HP: 24/32 MP: 0/0
  2434 | D:3      | Reached XP level 5. HP: 35/38 MP: 0/0
  2434 | D:3      | Learned a level 2 spell: Wereblood
  2738 | D:3      | Reached skill level 4 in Spellcasting
  2762 | D:3      | Found Wulap's Magic Scroll Emporium.
  3660 | D:4      | Found a staircase to the Ecumenical Temple.
  3689 | Temple   | Entered the Ecumenical Temple
  3737 | Temple   | Became a worshipper of Ashenzari the Shackled
  3759 | D:4      | Noticed Grinder
  3848 | D:4      | Reached XP level 6. HP: 31/43 MP: 0/0
  4062 | D:4      | Shot with an arrow by a centaur

Illustrated notes

Levels and vault maps discovered:
D:1:      dpeg_arrival_rooms_c, layout_basic, basic_ecumenical_altar,
          st_stairs_1, grunt_decor_arrowhead, chequers_garden, grunt_decor_cap
D:2:      layout_loops_corners, skrybe_limestone_x, serial_park_tiny_1,
          minmay_cupped
D:3:      layout_loops_corners, serial_shops, shop
D:4:      minmay_wonky_spiral, layout_basic, minmay_temple_entry_trees,
          uniq_grinder
Temple:   cyrus_circular_temple

Skill      XL: |  1  2  3  4  5 |
---------------+----------------+-----
Spellcasting   | 3 4 |  4.6
Fighting       | 1 2 |  2.4
Dodging        | |  2.1
Stealth        | |  1.5

Action                   |  1- 3 |  4- 6 || total
-------------------------+-------+-------++-------
Melee: Dagger            |       |     1 ||     1
 Cast: Shock             |    58 |    98 ||   156
Armor: Robe              |     1 |     1 ||     2
Dodge: Dodged            |    11 |    11 ||    22

Table legend: (Time is in decaauts)
 A = Elapsed time spent in this place.
 B = Non-inter-level travel time spent in this place.
 C = Inter-level travel time spent in this place.
 D = Time resting spent in this place.
 E = Time spent auto-exploring this place.
 F = Levels seen in this place.
 G = Mean time per level.
                   A        B        C        D        E       F      G
               +--------+--------+--------+--------+--------+-----+--------+
         Total |   4064 |   3830 |    234 |    449 |   2888 |   5 |  812.8 |
       Dungeon |   4004 |   3784 |    220 |    449 |   2845 |   4 | 1001.0 |
        Temple |     59 |     45 |     14 |      0 |     43 |   1 |   59.0 |
               +--------+--------+--------+--------+--------+-----+--------+

Top non-repeatable levels by time:
     D:2: 1244 daAuts
     D:3: 1167 daAuts
     D:1: 986 daAuts
     D:4: 606 daAuts
  Temple: 59 daAuts
